AoeStats
← Rodrigo_icl

African Clearing

504525737Analyzed
4v4 RM · 26d ago on Sep 5, 2026· 52m 57s· 8 players
Game mode
Random Map
Map size
Large (8 player)
Population
200
Speed
Normal
Resources
Standard
Victory
Conquest
Starting age
Dark Age
Ending age
Imperial Age
RankedLock teamsTeams togetherTeam positionsShared explorationLock speedFull tech treeHidden civsTurbo modeCheats
Victory
Defeat
🇧🇷 Khmer · Brazil
934
+16
🇨🇭 Vikings · Switzerland
907
+17
🇨🇱 Magyars · Chile
890
+18
🇺🇸 Persians · United States
850
+18
🇺🇸 Japanese · United States
938
-18
🇨🇿 Franks · Czechia
926
-17
🇫🇷 Huns · France
923
-17
913
-17
Chevalierpersan
4:50 Loom
14:09 Feudal Age
15:21 Wheelbarrow
14:32 Town Watch
14:35 Double-Bit Axe
15:26 Gold Mining
18:01 Man-at-Arms
22:14 Forging
23:38 Bloodlines
23:42 Bloodlines
23:57 Scale Mail Armor
25:22 Scale Barding Armor
27:04 Horse Collar
27:33 Arson
28:47 Fletching
31:05 Castle Age
32:10 Chain Barding Armor
32:26 Iron Casting
33:09 Stone Mining
34:04 Husbandry
34:31 Heavy Plow
34:50 Bow Saw
36:47 Chain Mail Armor
37:13 Hand Cart
37:18 Bodkin Arrow
39:30 Town Patrol
40:16 Gold Shaft Mining
40:16 Stone Shaft Mining
47:11 Imperial Age
48:59 Blast Furnace
48:42 Hoardings
49:23 Conscription
49:13 Citadels
51:00 Plate Barding Armor
50:55 Plate Mail Armor
49:50 Cavalier
53:43 Two-Man Saw
53:18 Crop Rotation
Rodrigo_icl
3:59 Loom
13:12 Feudal Age
13:49 Double-Bit Axe
17:37 Wheelbarrow
21:34 Castle Age
21:59 Bloodlines
21:59 Scale Barding Armor
24:16 Horse Collar
30:45 Corvinian Army
31:03 Heavy Plow
38:10 Chain Barding Armor
46:00 Imperial Age
46:30 Fishing Lines
46:18 Elite Magyar Huszar
48:55 Plate Barding Armor
50:02 Hand Cart
53:23 Husbandry
datomasra
10:38 Loom
13:20 Feudal Age
19:25 Castle Age
17:50 Double-Bit Axe
18:09 Fletching
18:55 Gold Mining
20:26 Crossbowman
22:03 Squires
22:00 Bodkin Arrow
27:52 Ballistics
29:41 Padded Archer Armor
29:27 Treadmill Crane
35:57 Imperial Age
33:19 Town Watch
34:07 Horse Collar
34:40 Bow Saw
36:15 Gold Shaft Mining
36:49 Bracer
39:34 Chemistry
37:57 Arbalester
41:15 Two-Man Saw
41:07 Leather Archer Armor
42:24 Ring Archer Armor
42:55 Masonry
44:08 Conscription
43:51 Bogsveigar
49:53 Architecture
Hunter
6:06 Loom
14:01 Feudal Age
17:41 Castle Age
15:55 Double-Bit Axe
21:21 Husbandry
34:10 Scale Barding Armor
34:16 Forging
35:50 Chain Barding Armor
35:47 Bloodlines
40:03 Imperial Age
37:20 Horse Collar
41:05 Heavy Plow
40:29 Cavalier
43:49 Husbandry
49:15 Gold Mining
49:17 Stone Mining
49:59 Crop Rotation
50:19 Conscription
The punisher 69
4:44 Loom
14:32 Feudal Age
16:36 Double-Bit Axe
17:38 Horse Collar
19:05 Wheelbarrow
18:16 Town Watch
22:56 Castle Age
21:51 Gold Mining
22:35 Fletching
22:45 Padded Archer Armor
23:09 Bloodlines
23:30 Stone Mining
25:03 Bodkin Arrow
26:37 Scale Barding Armor
29:06 Leather Archer Armor
29:13 Chain Barding Armor
33:52 Ballistics
33:43 Thumb Ring
33:42 Husbandry
35:58 Gold Shaft Mining
38:01 Heavy Plow
38:13 Bow Saw
44:39 Imperial Age
45:41 Bracer
46:06 Hand Cart
47:01 Parthian Tactics
49:39 Chemistry
50:52 Plate Barding Armor
52:25 Heavy Cavalry Archer
Legatus
12:36 Loom
15:11 Feudal Age
15:39 Double-Bit Axe
15:37 Horse Collar
23:07 Castle Age
22:08 Bloodlines
23:40 Light Cavalry
25:25 Heavy Plow
31:30 Pikeman
36:54 Treadmill Crane
38:21 Guard Tower
39:26 Squires
43:10 Gambesons
43:16 Man-at-Arms
45:57 Yasama
48:30 Murder Holes
48:53 Masonry
49:12 Ballistics
Frank from Bank
14:58 Feudal Age
18:31 Gold Mining
20:05 Loom
24:40 Castle Age
28:30 Double-Bit Axe
30:03 Bow Saw
31:55 Husbandry
37:04 Scale Barding Armor
37:11 Forging
41:28 Wheelbarrow
40:43 Pikeman
41:47 Scale Mail Armor
46:03 Imperial Age
48:29 Cavalier
打帝国需要戴老花镜
10:21 Loom
13:33 Feudal Age
14:47 Double-Bit Axe
16:43 Gold Mining
19:15 Castle Age
17:31 Forging
17:55 Horse Collar
19:19 Town Watch
42:34 Imperial Age
Connection lost

Rejoining the realm…

Still unreachable

The connection could not be restored.

Session expired

The server has moved on; the page needs a fresh start.